 Dungeon Crawl Stone Soup version 0.28-a0-1206-g193881aaa2 (webtiles) character file.

Game seed: 1577086902851295448

2634 siradein the Chopper (level 9, 0/81 HPs)
             Began as a Hill Orc Fighter on Dec 21, 2021.
             Was a Follower of Beogh.
             Slain by a warg (6 damage)
             ... on level 8 of the Dungeon.
             The game lasted 00:30:22 (8192 turns).

siradein the Chopper (Hill Orc Fighter)             Turns: 8192, Time: 00:30:23

Health: 0/81       AC: 23    Str: 23    XL:     9   Next: 61%
Magic:  14/14      EV:  5    Int:  8    God:    Beogh [*.....]
Gold:   348        SH:  9    Dex: 10    Spells: 8/8 levels left

rFire   . . .      SeeInvis +   r - +1 mace (protect)
rCold   . . .      Faith    .   t - +0 kite shield
rNeg    . . .      Spirit   .   v - +0 plate armour
rPois   .          Reflect  .   G - +1 helmet "Lasokh" {Fly rElec Will-}
rElec   +          Harm     .   q - +0 cloak
rCorr   .          Rampage  .   (no gloves)
Will    .....                   (no boots)
Stlth   ..........              (no amulet)
HPRegen 0.23/turn               y - ring of see invisible
MPRegen 0.14/turn               d - +4 ring of slaying

@: under a protective aura, flying
A: no striking features
a: Renounce Religion


You were on level 8 of the Dungeon.
You worshipped Beogh.
Beogh was aware of your devotion.
You visited 1 branch of the dungeon, and saw 8 of its levels.

You collected 348 gold pieces.

Inventory:

Hand Weapons
 a - a +0 war axe
 r - a +1 mace of protection (weapon)
Missiles
 m - 14 poisoned darts (quivered)
Armour
 q - a +0 cloak (worn)
 t - a +0 kite shield (worn)
 v - a +0 plate armour (worn)
 G - the +1 helmet "Lasokh" (worn) {Fly rElec Will-}
   (You found it on level 7 of the Dungeon)

   rElec:     It insulates you from electricity.
   Fly:       It grants you flight.
   Will:      It decreases your willpower.
Jewellery
 d - a +4 ring of slaying (right hand)
 f - a ring of positive energy
 x - a ring of resist corrosion
 y - a ring of see invisible (left hand)
 E - a ring of magical power
Wands
 B - a wand of iceblast (6)
Scrolls
 b - a scroll of fear {unknown}
 e - a scroll of immolation {unknown}
 i - a scroll of vulnerability {unknown}
 k - a scroll of enchant weapon
 o - a scroll of brand weapon {unknown}
 p - a scroll of acquirement {unknown}
 u - a scroll of holy word {unknown}
 w - a scroll of blinking
 z - a scroll of identify {unknown}
 A - a scroll of amnesia {unknown}
 C - a scroll of teleportation {unknown}
 D - a scroll of noise {unknown}
Potions
 c - a potion of attraction {unknown}
 h - a potion of heal wounds {unknown}
 j - a potion of lignification {unknown}
 l - 6 potions of curing {unknown}
 n - a potion of haste {unknown}
 F - 2 potions of ambrosia {unknown}


   Skills:
 + Level 7.8 Fighting
 + Level 7.9 Axes
 + Level 7.1 Armour
 + Level 7.2 Shields
 + Level 6.9 Invocations


You had 8 spell levels left.
You didn't know any spells.
Your spell library contained the following spells:

 Spells                   Type           Power      Damage    Failure   Level
 Summon Small Mammal      Summ           0%         N/A       100%        1
 Blink                    Tloc           0%         N/A       100%        2
 Corpse Rot               Necr/Air       0%         N/A       100%        2
 Poisonous Vapours        Pois/Air       0%         N/A       100%        2
 Sublimation of Blood     Necr           0%         N/A       100%        2
 Call Canine Familiar     Summ           0%         N/A       100%        3
 Summon Guardian Golem    Hex/Summ       0%         N/A       100%        3
 Dispel Undead            Necr           0%         3d6       100%        4
 Petrify                  Tmut/Erth      0%         N/A       100%        4
 Irradiate                Conj/Tmut      0%         3d14      100%        5
 Manifold Assault         Tloc           0%         N/A       100%        5
 Death Channel            Necr           0%         N/A       100%        6
 Storm Form               Tmut/Air       0%         N/A       100%        7


Dungeon Overview and Level Annotations

Branches:
Dungeon (8/15)             Temple (0/1) D:6
   Lair: D:8-11

Altars:
Dithmenos
Xom
Zin

Shops:
D:1 =   D:6 [

Annotations:
D:3 1 transporter, AttackTheMoon's ghost, weakling DEBe


Message History

You barely miss the warg.
The warg is moderately wounded.
The warg bites you. The warg bites you but does no damage.
The orc priest hits you but does no damage.
You hit the warg.
The warg is moderately wounded.
The warg bites you!
* * * LOW HITPOINT WARNING * * *
The orc priest barely misses you. The warg bites you.
* * * LOW HITPOINT WARNING * * *
You hit the warg.
The warg is heavily wounded.
The warg bites you but does no damage.
The orc priest hits you but does no damage.
The warg bites you but does no damage. You block the orc priest's attack.
You hit the orc priest.
The orc priest is moderately wounded.
The warg bites you but does no damage. You block the orc priest's attack.
The warg barely misses you.
You barely miss the orc priest.
The orc priest is moderately wounded.
You block the orc priest's attack. The warg closely misses you.
The orc priest hits you but does no damage.
Unknown command.
Okay, then.
Throw: throwing net
Press: ? - help, Q - select action, (/) - cycle Shift-Dir - straight line, f - warg
Aim: a warg (moderately wounded, 58% to hit)
You throw a throwing net.
The throwing net barely misses the warg.
The warg stops to sniff the ground.
You block the warg's attack. The warg bites you!
* * * LOW HITPOINT WARNING * * *
You block the orc priest's attack.
You hit the orc priest.
The orc priest is moderately wounded.
The warg bites you!
* * * LOW HITPOINT WARNING * * *
You block the orc priest's attack. The warg bites you.
You die...

###....###..................
#......####(##..............
#.####......................
##..........[#.#.............
###............#..o............
#.............<).#######.......
#...#..........########........
#...#........oh# #.....###.#).
#####.....#...@# ##.##### #.##.
#####.#....###..# #....
#..##....#.## ##...
##.........### #...
###............# ....
##.......##... .....
#....##.... #####.$ #....# ##.#
#....# ##


You could see a warg and an orc priest.

Vanquished Creatures
  A two-headed ogre (D:7)
  Grinder (D:3)
  A wraith (D:7)
  A water moccasin (D:6)
  2 orc warriors (D:7)
  An ice beast (D:6)
  An ogre (D:6)
  2 centaurs
  A kobold brigand (D:6)
  2 scorpions
  A howler monkey (D:6)
  2 jellies
  A centaur skeleton (D:5)
  4 orc priests
  Crazy Yiuf (D:3)
  A bullfrog skeleton (D:7)
  A gnoll shaman (D:7)
  2 hounds (D:6)
  An iguana (D:6)
  7 orc wizards
  A hound zombie (D:5)
  A hound skeleton (D:4)
  A howler monkey zombie (D:6)
  A howler monkey skeleton (D:5)
  10 gnolls
  2 adders
  4 shadow imps
  A worm (D:2)
  A dart slug (D:1)
  24 orcs
  5 endoplasms
  3 giant cockroaches
  9 goblins
  9 hobgoblins
  8 jackals
  4 quokkas
  3 ball pythons
  8 bats
  4 frilled lizards
  11 kobolds
  3 rats (D:1)
147 creatures vanquished.

Vanquished Creatures (others)
  A water moccasin skeleton (D:4)
  2 orcs (D:4)
  A giant cockroach (D:4)
  A hobgoblin (D:4)
  A kobold (D:4)
  A fungus (D:3)
  2 plants (D:3)
9 creatures vanquished.

Grand Total: 156 creatures vanquished

Notes
Turn   | Place    | Note
-------+----------+-------------------------------------------
     0 | D:1      | siradein the Hill Orc Fighter began the quest for the Orb.
     0 | D:1      | Reached XP level 1. HP: 19/19 MP: 1/1
   173 | D:1      | Found a faded altar of an unknown god.
   224 | D:1      | Reached XP level 2. HP: 19/27 MP: 2/2
   459 | D:1      | Found Nifui's Jewellery Emporium.
   650 | D:1      | Reached XP level 3. HP: 30/33 MP: 3/3
  1353 | D:2      | Reached XP level 4. HP: 40/40 MP: 4/4
  1546 | D:3      | Found a transporter.
  1547 | D:3      | Noticed AttackTheMoon's ghost (weakling DEBe)
  1551 | D:3      | Identified the +8 great mace of Wondrous Power {protect,
                  | Dex+4 Stlth+}
  1551 | D:3      | Noticed an ogre
  1554 | D:3      | Noticed an ogre
  1554 | D:3      | Noticed an ogre
  1633 | D:3      | You fall into a shaft and drop 1 floor!
  1649 | D:4      | Became a worshipper of Beogh the Brigand
  1953 | D:4      | Reached skill level 1 in Invocations
  2114 | D:4      | Reached XP level 5. HP: 15/47 MP: 5/5
  2436 | D:3      | Noticed Grinder
  2451 | D:3      | Paralysed by Grinder for 5 turns
  2459 | D:3      | Killed Grinder
  2460 | D:3      | Reached skill level 5 in Fighting
  2460 | D:3      | Reached XP level 6. HP: 54/56 MP: 5/7
  2653 | D:3      | Found a runed translucent door.
  2654 | D:3      | Noticed Crazy Yiuf
  2949 | D:3      | Killed Crazy Yiuf
  3601 | D:5      | Entered Level 5 of the Dungeon
  3649 | D:5      | Reached skill level 5 in Axes
  3649 | D:5      | Reached skill level 5 in Armour
  3649 | D:5      | Reached skill level 5 in Shields
  3649 | D:5      | Reached XP level 7. HP: 54/61 MP: 9/9
  3927 | D:5      | Found a glowing silver altar of Zin.
  3989 | D:5      | Reached * piety under Beogh
  4085 | D:5      | Found a shimmering altar of Xom.
  4483 | D:6      | Reached XP level 8. HP: 63/70 MP: 11/11
  4879 | D:6      | Found a staircase to the Ecumenical Temple.
  5117 | D:6      | Found Diniddom's Armour Shop.
  5274 | D:6      | Reached skill level 5 in Invocations
  5486 | D:6      | Found a shadowy altar of Dithmenos.
  5889 | D:7      | Reached ** piety under Beogh
  6529 | D:7      | Reached XP level 9. HP: 79/79 MP: 13/13
  6764 | D:7      | Identified the +1 helmet "Lasokh" {Fly rElec Will-}
  6787 | D:7      | Noticed a two-headed ogre
  6846 | D:7      | Killed a two-headed ogre
  8192 | D:8      | Slain by a warg

Illustrated notes

Levels and vault maps discovered:
D:1:      lightli_arrival_flooded_house, layout_rooms,
          hellmonk_ecumenical_altar_run_dry, serial_shops,
          nicolae_shop_hallway_plus
D:2:      wad_crossroads, layout_rooms
D:3:      layout_basic, gammafunk_ghost_smash, serial_bayou,
          serial_bayou_pond_d, serial_bayou_pond_e, serial_bayou_pond_d,
          serial_bayou_lake_a, serial_bayou_shore_a, uniq_grinder,
          uniq_crazy_yiuf_cottage
D:4:      layout_basic, ebering_dispersal_statue_hall
D:5:      layout_basic, zin_academy, xom_teletrap_fun, hex_medium
D:6:      layout_layer_cave, lemuel_round_altar, minmay_temple_entry_mist,
          serial_shops, kennysheep_little_box
D:7:      layout_rooms
D:8:      layout_rooms, erik_lair_orcish_takeover, serial_shops,
          kennysheep_mini, uniq_pikel

Skill      XL: |  1  2  3  4  5  6  7  8  9 |
---------------+----------------------------+-----
Axes           | 3 4 5 7 |  7.9
Fighting       | 4 5 6 7 |  7.8
Armour         | 4 5 6 7 |  7.1
Shields        | 4 5 6 7 |  7.2
Invocations    | 1 2 3 4 5 6 |  6.9

Action                   |  1- 3 |  4- 6 |  7- 9 || total
-------------------------+-------+-------+-------++-------
Melee: War axe           |   131 |   103 |       ||   234
       Mace              |       |    11 |   365 ||   376
Throw: Dart              |       |       |     5 ||     5
       Throwing net      |       |       |     1 ||     1
Invok: Convert to Beogh  |       |     1 |       ||     1
       Smiting           |       |       |     3 ||     3
  Use: Potion            |       |     1 |       ||     1
       Scroll            |       |       |     2 ||     2
Armor: Scale mail        |    70 |    43 |    54 ||   167
       Plate armour      |       |       |   255 ||   255
Dodge: Dodged            |    91 |    44 |    87 ||   222
Block: Buckler           |    40 |    18 |       ||    58
       Kite shield       |       |       |   217 ||   217

Table legend: (Time is in decaauts)
 A = Elapsed time spent in this place.
 B = Non-inter-level travel time spent in this place.
 C = Inter-level travel time spent in this place.
 D = Time resting spent in this place.
 E = Time spent auto-exploring this place.
 F = Levels seen in this place.
 G = Mean time per level.
                   A        B        C        D        E       F      G
               +--------+--------+--------+--------+--------+-----+--------+
         Total |   8497 |   8303 |    194 |   1369 |   5148 |   8 | 1062.1 |
       Dungeon |   8497 |   8303 |    194 |   1369 |   5148 |   8 | 1062.1 |
               +--------+--------+--------+--------+--------+-----+--------+

Top non-repeatable levels by time:
     D:6: 2002 daAuts
     D:7: 1760 daAuts
     D:4: 1232 daAuts
     D:3: 1071 daAuts
     D:1: 839 daAuts
     D:5: 672 daAuts
     D:2: 667 daAuts
     D:8: 251 daAuts
